 Dungeon Crawl Stone Soup version 0.28.0 (webtiles) character file.

Game seed: 8106332040460517929

163184 dolemite99 the Fighter (level 17, -1/127 (133) HPs)
             Began as a Demonspawn Gladiator on Feb 10, 2022.
             Was an Elder of Okawaru.
             Slain by a ghost moth (5 damage)
             ... on level 3 of the Spider Nest.
             The game lasted 01:33:59 (50121 turns).

dolemite99 the Fighter (Demonspawn Gladiator)      Turns: 50121, Time: 01:33:59

HP:   -1/127 (133)  AC: 28    Str: 16 (21) XL:     17   Next: 23%
MP:   0/23          EV:  8    Int:  8 (11) God:    Okawaru [****..]
Gold: 1000          SH:  0    Dex: 12 (15) Spells: 16/16 levels left

rFire   . . .      SeeInvis +   a - +7 eveningstar (freeze)
rCold   . . .      Faith    +   J - +0 kite shield
rNeg    . . .      Spirit   .   p - +0 plate armour
rPois   +          Reflect  .   c - +1 helmet
rElec   .          Harm     .   O - +2 cloak {rPois}
rCorr   .          Rampage  +   (gloves unavailable)
Will    +....                   Y - +2 pair of boots {rampage}
Stlth   ..........              E - amulet of faith
HPRegen 0.31/turn               z - +4 ring of protection {=R}
MPRegen 0.18/turn               y - ring of see invisible

@: confused, lightly drained, invisible
A: claws 3, powered by death 2, sturdy frame 2, demonic magic 1
a: Renounce Religion, Heroism, Finesse


You were on level 3 of the Spider Nest.
You worshipped Okawaru.
Okawaru was greatly pleased with you.
You visited 6 branches of the dungeon, and saw 30 of its levels.

You collected 2202 gold pieces.
You spent 1202 gold pieces at shops.

Inventory:

Hand Weapons
 a - a +7 eveningstar of freezing (weapon)
 b - a +4 fustibalus of flaming
Missiles
 f - 2 throwing nets (quivered)
 h - 132 sling bullets
 m - 798 stones
 n - 19 atropa-tipped darts
 q - a curare-tipped dart
 r - 8 boomerangs
 t - 5 poisoned darts
 H - 8 boomerangs of dispersal
 Q - 18 silver boomerangs
 V - 26 javelins
 X - 23 silver javelins
Armour
 c - a +1 helmet (worn)
 k - a +0 buckler
 p - a +0 plate armour (worn)
 J - a +0 kite shield (worn)
 O - a +2 cloak of poison resistance (worn)
 Y - a +2 pair of boots of rampaging (worn)
Jewellery
 e - a ring of willpower
 s - a ring of positive energy
 w - a +6 ring of strength
 x - a ring of protection from fire
 y - a ring of see invisible (right claw)
 z - a +4 ring of protection (left claw) {=R}
 E - an amulet of faith (around neck)
 F - a ring of protection from cold
Wands
 o - a wand of digging (1)
 D - a wand of iceblast (4)
 N - a wand of polymorph (24)
Scrolls
 d - 3 scrolls of noise
 g - 3 scrolls of teleportation
 j - 2 scrolls of enchant armour
 v - 4 scrolls of fog
 I - a scroll of brand weapon
 M - 2 scrolls of vulnerability
Potions
 i - 2 potions of magic
 l - a potion of invisibility
 u - 3 potions of attraction
 A - a potion of resistance
 B - 4 potions of brilliance
 C - a potion of berserk rage {unknown}
 G - 3 potions of ambrosia {unknown}
 L - 3 potions of lignification
 P - 3 potions of flight {unknown}
Miscellaneous
 K - a tin of tremorstones (inert)


   Skills:
 - Level 11.7 Fighting
 - Level 11.3(13.0) Maces & Flails
 - Level 10.1(11.9) Polearms
 - Level 10.2(13.8) Staves
 + Level 7.7(10.4) Slings
 - Level 11.0(12.0) Throwing
 - Level 11.3 Armour
 - Level 4.1 Dodging
 - Level 9.5 Shields
 - Level 8.4 Invocations
 - Level 5.8 Evocations


You had 16 spell levels left.
You didn't know any spells.
Your spell library contained the following spells:

 Spells                   Type           Power      Damage    Failure   Level
 Magic Dart               Conj           0%         1d3       100%        1
 Blink                    Tloc           0%         N/A       100%        2
 Corpse Rot               Necr/Air       0%         N/A       100%        2
 Dazzling Flash           Conj/Hex       0%         N/A       100%        3
 Ignite Poison            Fire/Tmut/Pois 0%         N/A       100%        3
 Mephitic Cloud           Conj/Pois/Air  0%         N/A       100%        3
 Portal Projectile        Hex/Tloc       0%         N/A       100%        3
 Dispel Undead            Necr           0%         3d6       100%        4
 Iskenderun's Mystic Bla  Conj/Tloc      0%         2d3       100%        4
 Leda's Liquefaction      Hex/Erth       0%         N/A       100%        4
 Borgnjor's Vile Clutch   Necr/Erth      0%         N/A       100%        5
 Freezing Cloud           Conj/Ice/Air   0%         6-21      100%        5
 Iskenderun's Battlesphe  Conj           0%         2d6       100%        5
 Manifold Assault         Tloc           0%         N/A       100%        5
 Dispersal                Tloc           0%         N/A       100%        6
 Iron Shot                Conj/Erth      0%         9d1       100%        6
 Starburst                Conj/Fire      0%         6d3       100%        6
 Storm Form               Tmut/Air       0%         N/A       100%        7
 Disjunction              Tloc           0%         N/A       100%        8
 Maxwell's Capacitive Co  Air            0%         ∞         100%        8
 Call Imp                 Summ           Unusable   N/A       N/A         2
 Call Canine Familiar     Summ           Unusable   N/A       N/A         3
 Animate Dead             Necr           Unusable   N/A       N/A         4
 Summon Lightning Spire   Summ/Air       Unusable   N/A       N/A         4
 Death Channel            Necr           Unusable   N/A       N/A         6
 Spellforged Servitor     Conj/Summ      Unusable   N/A       N/A         7

Dungeon Overview and Level Annotations

Branches:
Dungeon (15/15)            Temple (1/1) D:4            Lair (6/6) D:11
  Swamp (2/4) Lair:2       Spider (4/4) Lair:4        Slime (0/5) Lair:5
    Orc (2/2) D:11            Elf (0/3) Orc:2        Vaults (0/5) D:14
 Depths (0/4) D:15

Altars:
Ashenzari
Cheibriados
Dithmenos
Elyvilon
Fedhas
Gozag
Hepliaklqana
Kikubaaqudgha
Makhleb
Nemelex Xobeh
Okawaru
Qazlal
Ru
Sif Muna
Trog
Uskayaw
Vehumet
Wu Jian
Xom
Yredelemnul
Zin
The Shining One
Beogh
Jiyva

Shops:
D:10 =   Orc:2 *?=(:

Portals:
Pandemonium: Orc:2

Annotations:
D:3 exclusion: downstairs
D:4 exclusion: downstairs
D:5 exclusion: downstairs, Pikel
Lair:5 exclusion: oklob plant
Lair:6 exclusion: oklob plant


Innate Abilities, Weirdness & Mutations

You have claws for hands.
You regenerate health from kills.
Your movements are less encumbered by armour. (ER -4)
Spells you cast may paralyse adjacent enemies.


Message History

The ghost moth stares at you.
You feel your power leaking away. The ghost moth barely misses you.
The ghost moth hits you but does no damage.
The ghost moth barely misses you. The tarantella barely misses you.
You barely miss the tarantella. The tarantella touches you.
The ghost moth misses you. The ghost moth hits you.
You feel dopey. The ghost moth stings you!
You feel weakened. The tarantella touches you. The ghost moth hits you!
The ghost moth completely misses you. The ghost moth misses you.
You're too confused to move!
The tarantella touches you but does no damage. x2
The ghost moth stares at you. The ghost moth hits you!
* * * LOW HITPOINT WARNING * * *
You feel weakened.
The ghost moth hits you but does no damage.
The ghost moth stings you but does no damage.
The tarantella closely misses you. The tarantella closely misses you.
The ghost moth stares at you. The tarantella touches you.
* * * LOW HITPOINT WARNING * * *
You bump into the rock wall.
The tarantella barely misses you. The ghost moth stares at you.
The ghost moth hits you but does no damage. x2
The ghost moth barely misses you. The tarantella touches you!
* * * LOW HITPOINT WARNING * * *
You fade into invisibility!
The tarantella touches you.
* * * LOW HITPOINT WARNING * * *
You are more confused.
The ghost moth hits you!
* * * LOW HITPOINT WARNING * * *
You feel clumsy.
The ghost moth hits you but does no damage.
The ghost moth stings you.
You die...

..# ##.## #.................^#
.## ##...#
#................... .#
##....## ##.....####....^....
.###.....^## #....##
#...####.> #.#........##
###.## #...# ###
#.#.........## ### ##.[#
##...........## #..##
##............###########...#
#...............@y...##.....#
#...............s..^^[......#
........................##..#
.....................######.##
.............^......## ###.##
....................# #.##.###
#..................## #......#
#.................## #....###
#......).........## #....^##


You could see a ghost moth (invisible) and a tarantella (berserk).

Vanquished Creatures
  Arachne (Spider:2)
  Frances (Swamp:1)
  A thorn hunter (Swamp:1)
  Donald (Spider:1)
  Gastronok (Lair:2)
  A ghost moth (Spider:2)
  2 ghouls (Swamp:1)
  A broodmother (Spider:3)
  2 eleionomae (Swamp:1)
  2 entropy weavers
  A dire elephant (D:15)
  3 bunyips (Swamp:1)
  A spark wasp (Spider:2)
  An ettin (Orc:2)
  Snorg (Lair:5)
  A yaktaur captain (D:14)
  A fire dragon (D:15)
  13 hydras
  Harold (D:9)
  A demonspawn (Orc:2)
  9 boulder beetles
  4 jorogumos
  10 two-headed ogres
  A death knight (D:14)
  An ogre mage (D:15)
  A radroach (Spider:1)
  3 death yaks (Lair:6)
  2 centaur warriors
  5 alligators
  Urug (Orc:1)
  A tengu warrior (D:14)
  6 orc high priests (Orc:2)
  A soul eater (Orc:2)
  A sixfirhy (Orc:2)
  5 skeletal warriors (D:12)
  5 pharaoh ants
  3 orb spiders
  3 steelbarb worms
  A death drake (Swamp:1)
  2 goliath frogs (Swamp:1)
  A swamp dragon (Swamp:1)
  A harpy (D:11)
  4 orc knights (Orc:2)
  A necromancer (D:12)
  2 deep elf pyromancers (D:13)
  5 orc sorcerers (Orc:2)
  9 slime creatures
  5 manticores
  A will-o-the-wisp (Swamp:1)
  2 ugly things
  16 wolf spiders
  7 cyclopes
  12 elephants
  3 moths of wrath
  A rust devil (Orc:2)
  4 black mambas
  Joseph (D:10)
  3 gargoyles
  4 torpor snails
  4 freezing wraiths
  A rime drake (Lair:2)
  3 demonic crawlers
  24 cane toads
  2 unseen horrors
  A yaktaur (shapeshifter) (D:13)
  2 yaktaurs (D:14)
  A hellwing (Orc:2)
  11 komodo dragons
  12 polar bears
  2 trolls (Orc:1)
  20 tarantellas
  14 blink frogs
  15 meliai
  2 tyrant leeches (Swamp:1)
  A blink frog (shapeshifter) (D:15)
  A raiju (Lair:6)
  16 dream sheep
  18 jumping spiders
  2 wyverns
  2 vampires
  4 shadows
  69 yaks
  A ynoxinul (Orc:2)
  24 culicivoras
  4 wraiths
  A water elemental (D:12)
  2 basilisks
  A golden eye (Lair:3)
  A steam dragon (D:9)
  Grum (D:9)
  42 redbacks
  11 vampire mosquitoes
  5 wargs
  6 swamp worms (Swamp:1)
  2 acid dragons
  16 hell hounds (Lair:6)
  16 water moccasins
  14 black bears
  A hornet zombie (D:7)
  24 orc warriors
  A black bear (shapeshifter) (D:13)
  3 necrophages
  22 wolves
  9 ogres
  6 centaurs
  2 lemures
  A kobold brigand (D:10)
  A phantom (D:4)
  3 bullfrogs
  4 scorpions
  A gnoll sergeant (D:7)
  A water moccasin skeleton (D:6)
  9 killer bees
  10 howler monkeys
  5 wights (D:10)
  4 electric eels
  5 centaur zombies
  A jelly (shapeshifter) (D:13)
  25 orc priests
  2 hounds
  Crazy Yiuf (D:7)
  2 jellies
  Jessica (D:3)
  Ijyb (D:4)
  3 iguanas
  14 orc wizards
  5 yak simulacra (D:12)
  5 polar bear simulacra (D:12)
  A wolf simulacrum (D:12)
  3 hound skeletons (D:4)
  2 howler monkey zombies
  9 gnolls
  2 howler monkey skeletons
  An adder (D:3)
  A shadow imp (D:7)
  An ufetubus (D:7)
  5 worms
  53 orcs
  2 endoplasms
  4 giant cockroaches
  4 hobgoblins
  3 jackals (D:1)
  4 quokkas
  7 ball pythons
  5 bats
  4 frilled lizards
  10 goblins
  12 kobolds
  8 rats
871 creatures vanquished.

Vanquished Creatures (others)
  An alligator (Swamp:2)
  2 bloated husks (Swamp:2)
  An adder (D:4)
  2 briar patches (Swamp:1)
  6 foxfires (Swamp:1)
  56 fungi
  84 plants
152 creatures vanquished.

Grand Total: 1023 creatures vanquished

Notes
Turn   | Place    | Note
-------+----------+-------------------------------------------
     0 | D:1      | dolemite99 the Demonspawn Gladiator began the quest for the
                  | Orb.
     0 | D:1      | Reached XP level 1. HP: 16/16 MP: 1/1
   586 | D:1      | Gained mutation: Spells you cast may paralyse adjacent
                  | enemies. [demonic ancestry]
   586 | D:1      | Reached XP level 2. HP: 15/22 MP: 2/2
  1599 | D:2      | Found a faded altar of an unknown god.
  1660 | D:2      | Gained mutation: You regenerate a little health from kills.
                  | [demonic ancestry]
  1660 | D:2      | Reached XP level 3. HP: 26/27 MP: 3/3
  2616 | D:3      | Reached XP level 4. HP: 33/33 MP: 4/4
  2672 | D:3      | Reached skill level 5 in Staves
  2888 | D:3      | Noticed Jessica
  2893 | D:3      | Killed Jessica
  2894 | D:3      | Reached XP level 5. HP: 38/38 MP: 5/5
  3294 | D:4      | Found a staircase to the Ecumenical Temple.
  3606 | D:4      | Noticed Ijyb
  4560 | Temple   | Entered the Ecumenical Temple
  5159 | Temple   | Became a worshipper of Warmaster Okawaru
  5417 | D:4      | Killed Ijyb
  5497 | D:4      | Found a bloodstained altar of Trog.
  5511 | D:4      | Reached XP level 6. HP: 32/44 MP: 6/6
  5823 | D:4      | You fall into a shaft and drop 2 floors!
  5828 | D:6      | Noticed Pikel
  5831 | D:5      | Entered Level 5 of the Dungeon
  6349 | D:4      | Reached skill level 1 in Polearms
  6906 | D:5      | Reached * piety under Okawaru
  6907 | D:5      | Gained mutation: You have sharp fingernails. [demonic
                  | ancestry]
  6907 | D:5      | Reached XP level 7. HP: 29/50 MP: 7/7
  7516 | D:5      | Reached skill level 5 in Polearms
  8838 | D:6      | Reached ** piety under Okawaru
  8868 | D:6      | Noticed a two-headed ogre
  8931 | D:6      | Reached skill level 1 in Armour
  9111 | D:6      | Gained mutation: Your movements are slightly less
                  | encumbered by armour. (ER -2) [demonic ancestry]
  9111 | D:6      | Reached XP level 8. HP: 47/56 MP: 8/8
 10035 | D:7      | Found a runed translucent door.
 10036 | D:7      | Noticed Crazy Yiuf
 10050 | D:7      | Killed Crazy Yiuf
 10051 | D:7      | Reached skill level 1 in Invocations
 10323 | D:6      | Killed a two-headed ogre
 10323 | D:6      | Reached *** piety under Okawaru
 10323 | D:6      | Reached **** piety under Okawaru
 10324 | D:6      | Gained mutation: You have very sharp fingernails. [demonic
                  | ancestry]
 10324 | D:6      | Reached XP level 9. HP: 59/65 MP: 7/11
 11511 | D:8      | Found a flagged portal.
 11864 | D:8      | Reached XP level 10. HP: 58/71 MP: 10/12
 11890 | D:8      | Reached ***** piety under Okawaru
 11933 | D:8      | Received a gift from Okawaru
 12419 | D:9      | Reached skill level 10 in Polearms
 12449 | D:9      | Reached skill level 5 in Invocations
 12655 | D:9      | Noticed a two-headed ogre
 12668 | D:9      | Killed a two-headed ogre
 12668 | D:9      | Received a gift from Okawaru
 12936 | D:9      | Noticed Harold
 12936 | D:9      | Noticed Grum
 12940 | D:9      | Killed Grum
 12953 | D:9      | Killed Harold
 12954 | D:9      | Reached skill level 5 in Fighting
 12954 | D:9      | Reached skill level 5 in Armour
 12960 | D:9      | Noticed a two-headed ogre
 12974 | D:9      | Noticed a two-headed ogre
 13004 | D:9      | Killed a two-headed ogre
 13488 | D:9      | Killed a two-headed ogre
 13489 | D:9      | Gained mutation: You regenerate health from kills. [demonic
                  | ancestry]
 13489 | D:9      | Reached XP level 11. HP: 76/83 MP: 7/15
 13664 | D:9      | Received a gift from Okawaru
 13748 | D:10     | Entered Level 10 of the Dungeon
 14114 | D:10     | Found Fisooll's Jewellery Emporium.
 14114 | D:10     | Noticed Joseph
 14140 | D:10     | Killed Joseph
 14205 | D:10     | Bought a +4 ring of protection for 432 gold pieces
 15239 | D:10     | Noticed a two-headed ogre
 15256 | D:10     | Killed a two-headed ogre
 15719 | D:11     | Noticed a harpy
 15719 | D:11     | a cyclops changed into a harpy
 15731 | D:11     | Killed a harpy
 15753 | D:11     | Received a gift from Okawaru
 15969 | D:11     | Found a staircase to the Orcish Mines.
 16312 | D:11     | Found a staircase to the Lair.
 16586 | D:11     | Reached skill level 5 in Throwing
 16808 | Lair:1   | Entered Level 1 of the Lair of Beasts
 17118 | Lair:1   | Gained mutation: You have claws for hands. [demonic
                  | ancestry]
 17118 | Lair:1   | Reached XP level 12. HP: 40/93 MP: 16/16
 18153 | Lair:2   | Identified the +5 lajatang "Asanem" {flame, rC+} (Okawaru
                  | gifted it to you on level 2 of the Lair of Beasts)
 18153 | Lair:2   | Received a gift from Okawaru
 18529 | Lair:2   | Found a staircase to the Swamp.
 18538 | Lair:2   | Noticed Gastronok
 18548 | Lair:2   | Killed Gastronok
 18919 | Lair:2   | Received a gift from Okawaru
 19046 | Lair:2   | Reached ****** piety under Okawaru
 19333 | Lair:2   | Identified the +7 halberd of Okawaru's Wrath {venom, *Slow
                  | Will+++ Str+5 Dex+4} (Okawaru gifted it to you on level 2
                  | of the Lair of Beasts)
 19333 | Lair:2   | Received a gift from Okawaru
 19387 | Lair:2   | Reached skill level 10 in Staves
 19388 | Lair:3   | Noticed a seven-headed hydra
 19689 | Lair:3   | Noticed Sonja
 19693 | Lair:3   | Noticed Sonja
 19693 | Lair:3   | Sonja changed into Sonja the golden eye
 19750 | Lair:3   | Killed Sonja the golden eye
 20146 | Lair:3   | Killed a seven-headed hydra
 21048 | Lair:4   | Noticed a boulder beetle
 21053 | Lair:4   | Received a gift from Okawaru
 21057 | Lair:4   | Reached skill level 5 in Evocations
 21063 | Lair:4   | Killed a boulder beetle
 21064 | Lair:4   | Reached XP level 13. HP: 94/98 MP: 15/17
 21128 | Lair:4   | Found a hole to the Spider Nest.
 21161 | Lair:4   | Identified the +4 halberd "Yrukhlar" {venom, rPois Will-
                  | Dex+4} (Okawaru gifted it to you on level 4 of the Lair of
                  | Beasts)
 21161 | Lair:4   | Received a gift from Okawaru
 22230 | Lair:5   | Received a gift from Okawaru
 22259 | Lair:5   | Reached skill level 10 in Throwing
 22288 | Lair:5   | Received a gift from Okawaru
 22336 | Lair:5   | Received a gift from Okawaru
 22350 | Lair:5   | Received a gift from Okawaru
 22519 | Lair:5   | Found a viscous altar of Jiyva.
 22519 | Lair:5   | Found a staircase to the Slime Pits.
 22588 | Lair:5   | Noticed Snorg
 22605 | Lair:5   | Killed Snorg
 23202 | Lair:5   | You fall into a shaft and drop 1 floor!
 23202 | Lair:6   | Entered Level 6 of the Lair of Beasts
 23383 | Lair:6   | Received a gift from Okawaru
 23507 | Lair:6   | Received a gift from Okawaru
 23508 | Lair:6   | Reached skill level 10 in Fighting
 23568 | Lair:5   | Reached XP level 14. HP: 110/110 MP: 13/20
 24091 | Lair:6   | Received a gift from Okawaru
 24616 | Lair:6   | Reached skill level 10 in Armour
 24923 | Lair:6   | Received a gift from Okawaru
 25400 | Orc:1    | Entered Level 1 of the Orcish Mines
 25426 | Orc:1    | Noticed Urug
 25437 | Orc:1    | Killed Urug
 25677 | Orc:2    | Entered Level 2 of the Orcish Mines
 25686 | Orc:2    | Reached skill level 1 in Maces & Flails
 26634 | Orc:2    | Found Waekiab's Book Shop.
 26680 | Orc:2    | Found a staircase to the Elven Halls.
 26784 | Orc:2    | Found Izawupn's General Store.
 26785 | Orc:2    | Found Plog's Magic Scroll Shop.
 26839 | Orc:2    | Received a gift from Okawaru
 27016 | Orc:2    | Received a gift from Okawaru
 27025 | Orc:2    | Reached skill level 5 in Maces & Flails
 27073 | Orc:2    | Paralysed by an orc sorcerer for 4 turns
 27084 | Orc:2    | Gained mutation: Your movements are less encumbered by
                  | armour. (ER -4) [demonic ancestry]
 27084 | Orc:2    | Reached XP level 15. HP: 117/118 MP: 13/21
 27338 | Orc:2    | Bought a potion of might for 60 gold pieces
 27340 | Orc:2    | Bought a scroll of enchant weapon for 105 gold pieces
 27500 | Orc:2    | Received a gift from Okawaru
 27505 | Orc:2    | Found Taob's Antique Weapon Shoppe.
 27505 | Orc:2    | Found a one-way gate leading to the halls of Pandemonium.
 27505 | Orc:2    | Found Kuruun's Jewellery Emporium.
 27513 | Orc:2    | Bought a ring of willpower for 325 gold pieces
 27552 | Orc:2    | Bought a scroll of brand weapon for 280 gold pieces
 28054 | D:12     | Received a gift from Okawaru
 29308 | D:12     | Received a gift from Okawaru
 30380 | D:13     | Received a gift from Okawaru
 30381 | D:13     | Reached skill level 1 in Slings
 32471 | D:14     | Found a gate to the Vaults.
 32530 | D:14     | Identified the +2 cloak of Douqesch {Dex+2}
 32793 | D:14     | Found a bloodstained altar of Trog.
 33176 | D:14     | Found an ornate altar of the Wu Jian Council.
 33287 | D:14     | Reached skill level 10 in Maces & Flails
 33685 | D:15     | Entered Level 15 of the Dungeon
 34946 | D:15     | Found a staircase to the Depths.
 35750 | D:15     | Received a gift from Okawaru
 36209 | Swamp:1  | Entered Level 1 of the Swamp
 36811 | Swamp:1  | Noticed a thorn hunter
 36827 | Swamp:1  | Killed a thorn hunter
 37307 | Swamp:1  | Reached XP level 16. HP: 116/125 MP: 22/22
 37449 | Swamp:1  | Received a gift from Okawaru
 37744 | Swamp:1  | Reached skill level 5 in Slings
 37878 | Swamp:1  | HP: 5/125 [vampire mosquito (7)]
 37890 | Swamp:1  | HP: 4/125 [tyrant leech (17)]
 38227 | Swamp:1  | Received a gift from Okawaru
 38407 | Swamp:1  | Noticed Frances
 38424 | Swamp:1  | Killed Frances
 39469 | Spider:1 | Entered Level 1 of the Spider Nest
 39521 | Spider:1 | Noticed Donald
 39542 | Spider:1 | Killed Donald
 39542 | Spider:1 | Received a gift from Okawaru
 39543 | Spider:1 | Reached skill level 1 in Shields
 41402 | Spider:1 | Reached skill level 5 in Shields
 41983 | Spider:1 | Received a gift from Okawaru
 42198 | Spider:2 | Noticed Arachne
 44409 | Spider:2 | Killed Arachne
 44409 | Spider:2 | Received a gift from Okawaru
 46214 | Spider:2 | Received a gift from Okawaru
 47269 | Spider:3 | Received a gift from Okawaru
 47276 | Spider:3 | Reached XP level 17. HP: 111/133 MP: 21/23
 49603 | Spider:3 | Received a gift from Okawaru
 49967 | Spider:4 | Entered Level 4 of the Spider Nest
 50121 | Spider:3 | HP: 4/127 [ghost moth (11)]
 50121 | Spider:3 | Slain by a ghost moth

Illustrated notes

Levels and vault maps discovered:
D:1:      dpeg_arrival_tiny_c, layout_loops_corners, minmay_heptomino_o4
D:2:      layout_loops_ring, shapermc_ecumenical_altar_mp_ritualfount
D:3:      layout_basic, serial_bayou_ford_a, nicolae_underground_beach,
          uniq_jessica
D:4:      layout_loops_ring, mainiacjoe_overflow_cross_hatched,
          minmay_temple_entry_junction, uniq_ijyb
D:5:      layout_gridville
D:6:      layout_rooms, uniq_pikel
D:7:      layout_rooms, kennysheep_generic_room_13, uniq_crazy_yiuf_cottage
D:8:      layout_basic, enter_bailey_3
D:9:      layout_loops_ring, uniq_grum, uniq_harold
D:10:     layout_layer_cave, serial_shops, shop, uniq_joseph
D:11:     layout_roguey, grunt_lair_entry_orc_guard_hut, david_orc_3,
          gauntlet_entry_generic
D:12:     layout_basic, eino_house_with_fridge
D:13:     layout_gridville, minmay_fractal_squares_5
D:14:     layout_irregular_city, david_vaults_2, nicolae_wu_jian_wuxing_cycle,
          tgw_trog
D:15:     hangedman_depths_entry_try_elsewhere_first, layout_irregular_city
Temple:   mainiacjoe_temple_starburst
Lair:1:   layout_small_grid, chequers_serial_rivers_micro_c
Lair:2:   layout_chaotic_city, swamp_mist, uniq_gastronok
Lair:3:   layout_layer_cave, grunt_megastairs_3, uniq_sonja
Lair:4:   layout_loops_ring, nicolae_spider_entry_non_spiders,
          chequers_serial_rivers_large_a, beast_lair_carwin_1,
          serial_bayou_shore_b
Lair:5:   layout_cave_pods, dpeg_slime_entry_enclosed_altar, lemuel_fruit_tree,
          grunt_megastairs_2, uniq_snorg
Lair:6:   hangedman_lair_caniforms_friends, layout_cellular_growth,
          serial_bayou, serial_bayou_pond_a, serial_bayou_pond_d,
          serial_bayou_pond_b, serial_bayou_pond_b, serial_bayou_shore_a,
          grunt_megastairs_4
Swamp:1:  layout_basic_swamp, hangedman_swamp_blocks,
          nicolae_swamp_feature_on_the_river_bank, uniq_frances
Swamp:2:  nicolae_swamp_husk_halls, layout_basic_swamp,
          evilmike_swamp_ruin_house_4
Spider:1: layout_spider_delve, uniq_donald
Spider:2: layout_spider_delve, portal_ice_cave_entry_frozen_things, uniq_arachne
Spider:3: layout_cave_pods, drop_trap
Spider:4: guppyfry_spider_rune, drop_trap
Orc:1:    nicolae_orc_accident_3, layout_caves, minmay_orc_temple_a, uniq_urug
Orc:2:    pf_orc_diabolical, layout_caves, serial_shops, nicolae_shop_stone

Skill      XL: |  1  2  3  4  5  6  7  8  9 10 11 12 13 14 15 16 17 |
---------------+----------------------------------------------------+-----
Staves         | 3 4 5 6 10 | 10.2
Polearms       | 3 5 6 9 10 | 10.1
Armour         | 1 4 6 7 8 11 | 11.3
Fighting       | 4 6 8 10 11 | 11.7
Invocations    | 3 6 8 |  8.4
Evocations     | 3 5 |  5.8
Throwing       | 7 8 11 | 11.0
Dodging        | 4 |  4.1
Maces & Flails | 5 11 | 11.3
Slings         | 4 6 7 |  7.7
Shields        | 9 |  9.5

Action                   |  1- 3 |  4- 6 |  7- 9 | 10-12 | 13-15 | 16-18 || total
-------------------------+-------+-------+-------+-------+-------+-------++-------
Melee: Quarterstaff      |   124 |   119 |   112 |   190 |       |       ||   545
       Spear             |       |    30 |   195 |   406 |       |       ||   631
       Punch             |       |       |     4 |    14 |       |       ||    18
       Lajatang          |       |       |       |   153 |   612 |       ||   765
       Eveningstar       |       |       |       |       |   268 |   565 ||   833
       Fustibalus        |       |       |       |       |       |     1 ||     1
 Fire: Fustibalus        |       |       |       |       |   205 |   271 ||   476
Throw: Javelin           |     5 |    11 |     7 |       |   104 |    23 ||   150
       Boomerang         |       |       |    25 |    20 |   393 |       ||   438
       Dart              |       |       |       |    94 |    40 |    30 ||   164
       Throwing net      |       |       |       |     1 |     3 |     1 ||     5
       Stone             |       |       |       |    43 |    32 |       ||    75
Invok: Heroism           |       |       |    16 |    36 |    79 |    63 ||   194
       Finesse           |       |       |       |    16 |    19 |     1 ||    36
Evoke: Wand              |       |       |     7 |    35 |    51 |    24 ||   117
       Tin of tremorston |       |       |       |       |       |     4 ||     4
  Use: Scroll            |     2 |     5 |     8 |     8 |    23 |     8 ||    54
       Potion            |       |       |       |     2 |    13 |    14 ||    29
 Stab: Sleeping          |     1 |       |       |       |       |       ||     1
       Invisible         |       |       |       |       |     2 |       ||     2
Armor: Leather armour    |     9 |       |       |       |       |       ||     9
       Scale mail        |    19 |       |       |       |       |       ||    19
       Chain mail        |    15 |    92 |   133 |       |       |       ||   240
       Plate armour      |       |       |     2 |   327 |   598 |   586 ||  1513
Dodge: Dodged            |    76 |    42 |   115 |   201 |   334 |   363 ||  1131
Block: Buckler           |       |       |       |       |    51 |    41 ||    92
       Kite shield       |       |       |       |       |       |   395 ||   395
